2897 views
Uploaded 2020-02-14 17:53:04
Game version 1.32 / 1.32.1
23:18 long 1on1 ladder game on (2)Amazonia
Saved by xzz
2897 views
Uploaded 2020-02-14 17:53:04
Game version 1.32 / 1.32.1
23:18 long 1on1 ladder game on (2)Amazonia

31 units @ 5k
/ 1k
44 buildings @ 5.8k
/ 3.3k

| Healing Salve | 5 | 500 |
| Lesser Clarity Potion | 4 | 280 |
| Scroll of Speed | 6 | 300 |
| Scroll of Town Portal | 1 | 350 |
| Staff of Teleportation | 1 | 150 |
| Potion of Lesser Invulnerability | 1 | 150 |
| Boots of Speed | 1 | 250 |
| total: | 19 | 1980g |
| Peon | 8 | 600 | / | 0 |
| Grunt | 4 | 800 | / | 0 |
| Troll Headhunter | 4 | 560 | / | 80 |
| Raider | 10 | 1800 | / | 400 |
| Goblin Sapper | 4 | 860 | / | 400 |
| Goblin Shredder | 1 | 375 | / | 100 |
| total: | 31 | 4995g | / | 980w |
| Watch Tower | 28 | 3080 | / | 2240 |
| Altar of Storms | 1 | 180 | / | 50 |
| Orc Burrow | 4 | 640 | / | 160 |
| Barracks | 2 | 360 | / | 100 |
| Voodoo Lounge | 4 | 520 | / | 120 |
| War Mill | 1 | 205 | / | 0 |
| Great Hall | 1 | 385 | / | 185 |
| Beastiary | 3 | 435 | / | 420 |
| Stronghold | 1 | 315 | / | 190 |
| Fortress | 1 | 325 | / | 190 |
| total: | 44 | 5805g | / | 3275w |
| 0:04 | Peon |
| 0:11 | Altar of Storms |
| 0:14 | Orc Burrow |
| 0:24 | Peon |
| 0:45 | Barracks |
| 0:48 | Peon |
| 1:09 | Peon |
| 1:35 | Orc Burrow |
| 1:45 | Peon |
| 1:54 | Grunt |
| 2:05 | Peon |
| 2:13 | Voodoo Lounge |
| 2:16 | Voodoo Lounge |
| 2:19 | Wind Walk |
| 2:30 | War Mill |
| 3:25 | Peon |
| 3:27 | Grunt |
| 3:42 | Stronghold |
| 3:44 | Troll Headhunter |
| 3:52 | Healing Salve |
| 3:58 | Lesser Clarity Potion |
| 4:08 | Lesser Clarity Potion |
| 4:10 | Scroll of Speed |
| 4:24 | Troll Headhunter |
| 4:56 | Troll Headhunter |
| 5:06 | Orc Burrow |
| 5:13 | Watch Tower |
| 5:27 | Healing Salve |
| 5:27 | Lesser Clarity Potion |
| 5:29 | Scroll of Speed |
| 5:39 | Spiked Barricades |
| 6:00 | Grunt |
| 6:59 | Beastiary |
| 7:06 | Troll Headhunter |
| 7:12 | Critical Strike |
| 7:16 | Beastiary |
| 7:27 | Grunt |
| 7:54 | Peon |
| 8:13 | Raider |
| 8:25 | Watch Tower |
| 8:27 | Watch Tower |
| 8:32 | Raider |
| 8:33 | Ensnare |
| 9:05 | Pillage |
| 9:11 | Watch Tower |
| 9:28 | Orc Burrow |
| 9:33 | Wind Walk |
| 9:35 | Healing Salve |
| 9:43 | Lesser Clarity Potion |
| 9:44 | Healing Salve |
| 9:46 | Scroll of Speed |
| 10:04 | Reinforced Defenses |
| 10:27 | Goblin Sapper |
| 10:50 | Watch Tower |
| 10:51 | Watch Tower |
| 10:52 | Watch Tower |
| 10:52 | Watch Tower |
| 11:15 | Raider |
| 11:24 | Scroll of Speed |
| 11:33 | Improved Spiked Barricades |
| 12:13 | Watch Tower |
| 12:17 | Goblin Shredder |
| 12:24 | Watch Tower |
| 13:32 | Raider |
| 13:37 | Great Hall |
| 13:46 | Watch Tower |
| 13:48 | Watch Tower |
| 14:15 | Watch Tower |
| 14:17 | Healing Salve |
| 14:18 | Scroll of Speed |
| 14:29 | Raider |
| 15:30 | Staff of Teleportation |
| 15:32 | Scroll of Town Portal |
| 15:47 | Fortress |
| 16:14 | Watch Tower |
| 16:26 | Watch Tower |
| 16:29 | Raider |
| 16:37 | Scroll of Speed |
| 16:47 | Watch Tower |
| 16:51 | Watch Tower |
| 17:09 | Watch Tower |
| 17:12 | Watch Tower |
| 17:39 | Voodoo Lounge |
| 17:44 | Steel Armor |
| 17:54 | Voodoo Lounge |
| 17:57 | Watch Tower |
| 17:57 | Watch Tower |
| 17:57 | Watch Tower |
| 18:38 | Potion of Lesser Invulnerability |
| 18:39 | Boots of Speed |
| 18:58 | Goblin Sapper |
| 18:58 | Goblin Sapper |
| 18:58 | Goblin Sapper |
| 19:33 | Watch Tower |
| 19:34 | Watch Tower |
| 19:35 | Watch Tower |
| 19:36 | Watch Tower |
| 20:05 | Critical Strike |
| 20:13 | Raider |
| 20:26 | Raider |
| 20:38 | Wind Walk |
| 20:50 | Watch Tower |
| 20:52 | Watch Tower |
| 21:28 | Raider |
| 22:54 | Raider |
| 22:57 | Beastiary |
| 23:00 | Barracks |
| 23:02 | Burning Oil |
| Right click | 734 |
| Select | 344 |
| Select group | 122 |
| Chat | 122 |
| Build/train/purchase | 100 |
| Use ability | 29 |
| Assign group | 28 |
| Misc. action | 1 |
20 units @ 3.1k
/ 0.3k
22 buildings @ 3.8k
/ 1.9k


| Healing Salve | 1 | 100 |
| total: | 1 | 100g |
| Peon | 8 | 600 | / | 0 |
| Grunt | 6 | 1200 | / | 0 |
| Raider | 2 | 360 | / | 80 |
| Kodo Beast | 2 | 510 | / | 120 |
| Spirit Walker | 2 | 390 | / | 70 |
| total: | 20 | 3060g | / | 270w |
| Watch Tower | 1 | 110 | / | 80 |
| Altar of Storms | 1 | 180 | / | 50 |
| Orc Burrow | 7 | 1120 | / | 280 |
| Barracks | 1 | 180 | / | 50 |
| Voodoo Lounge | 2 | 260 | / | 60 |
| War Mill | 1 | 205 | / | 0 |
| Great Hall | 2 | 770 | / | 370 |
| Beastiary | 2 | 290 | / | 280 |
| Tauren Totem | 5 | 675 | / | 775 |
| Stronghold | 1 | 315 | / | 190 |
| Fortress | 1 | 325 | / | 190 |
| total: | 22 | 3790g | / | 1945w |
| 0:01 | Peon |
| 0:01 | Peon |
| 0:05 | Altar of Storms |
| 0:17 | Orc Burrow |
| 0:20 | Peon |
| 0:35 | Barracks |
| 0:44 | Peon |
| 1:09 | Peon |
| 1:17 | Peon |
| 1:36 | Grunt |
| 1:46 | Peon |
| 1:50 | Orc Burrow |
| 2:14 | Feral Spirit |
| 2:34 | Voodoo Lounge |
| 2:38 | Stronghold |
| 3:01 | Voodoo Lounge |
| 3:07 | Grunt |
| 3:36 | Orc Burrow |
| 3:42 | Grunt |
| 4:30 | Healing Salve |
| 4:33 | Chain Lighting |
| 5:18 | Beastiary |
| 5:21 | Tauren Totem |
| 5:30 | Grunt |
| 5:34 | War Mill |
| 5:37 | Berserker Strength |
| 6:52 | Grunt |
| 6:55 | Raider |
| 6:56 | Ensnare |
| 7:44 | Grunt |
| 7:51 | Tauren Totem |
| 7:57 | Steel Melee Weapons |
| 8:02 | Feral Spirit |
| 8:41 | Healing Wave |
| 9:15 | Raider |
| 9:17 | Kodo Beast |
| 9:48 | Orc Burrow |
| 9:51 | Steel Armor |
| 10:44 | Serpent Ward |
| 10:49 | Spirit Walker |
| 11:22 | Fortress |
| 11:33 | Spirit Walker Adept Training |
| 11:34 | Thorium Melee Weapons |
| 11:36 | Orc Burrow |
| 12:12 | Beastiary |
| 12:18 | Watch Tower |
| 12:28 | Spirit Walker |
| 13:23 | Healing Wave |
| 13:37 | Orc Burrow |
| 13:47 | Tauren Totem |
| 13:55 | Great Hall |
| 14:14 | Orc Burrow |
| 15:20 | Great Hall |
| 16:25 | Kodo Beast |
| 16:30 | Chain Lighting |
| 16:42 | Tauren Totem |
| 16:45 | Tauren Totem |
| 18:01 | War Drums Damage Increase |
| 18:03 | Arcanite Melee Weapons |
| 18:04 | Thorium Armor |
| 18:10 | Peon |
| 20:00 | Serpent Ward |
| Right click | 1364 |
| Select group | 385 |
| Select | 223 |
| Chat | 101 |
| Build/train/purchase | 70 |
| Misc. action | 55 |
| Use ability | 41 |
| Assign group | 22 |